[Event "2nd Serbian League-Vojvodina 2023"]
[Site "Novi Sad"]
[Date "2023.11.06"]
[Round "7.3"]
[White "Mijatovic, Dejan"]
[Black "Ljepic, Andrej"]
[Result "0-1"]
[ECO "A47"]
[WhiteElo "2185"]
[BlackElo "2236"]
[Annotator "RC"]
[PlyCount "74"]
[EventDate "2023.10.22"]
[EventType "team-tourn"]
[EventCountry "SRB"]
[SourceTitle "playchess.com"]
[Source "ChessBase"]
[SourceQuality "1"]
[TimeControl "40/5400+30:1800+30"]

1. Nf3 Nf6 2. d4 e6 3. Bf4 c5 4. e3 b6 5. Bd3 Bb7 6. Nbd2 Be7 7. h3 d6 8. O-O O-O 9. Qb1 Nbd7 10. c3 Qc7 11. e4 e5 12. dxe5 dxe5 13. Bh2 Rfe8 14. Nc4 Bf8 15. Ne3 g6 16. c4 a6 17. a4 Bh6 18. Nd5 Nxd5 19. exd5 Bg7 20. g4 b5 21. axb5 axb5 22. Rxa8 Rxa8 23. cxb5 Bxd5 24. Be4 Qb7 25. Bxd5 Qxd5 26. Rd1 Qxf3 27. Rxd7 h6 28. b6 Rb8 29. Rd3 Qc6 30. Qc2 Rxb6 31. Rc3 Rb5 32. b4 Rxb4 33. Rxc5 Qf3 34. Rc3 Qb7 35. Qd2 Rd4 36. Qe2 Qd5 37. Re3 Rd1+ 0-1

[Event "2nd Serbian League-Vojvodina 2023"]
[Site "Novi Sad"]
[Date "2023.11.06"]
[Round "7.4"]
[White "Dimitrijevic, Nenad"]
[Black "Rosic, Slavko S"]
[Result "0-1"]
[ECO "B90"]
[WhiteElo "2196"]
[BlackElo "2212"]
[Annotator "RC"]
[PlyCount "142"]
[EventDate "2023.10.22"]
[EventType "team-tourn"]
[EventCountry "SRB"]
[SourceTitle "playchess.com"]
[Source "ChessBase"]
[SourceQuality "1"]
[TimeControl "40/5400+30:1800+30"]

1. e4 c5 2. Nf3 d6 3. d4 cxd4 4. Nxd4 Nf6 5. Nc3 a6 6. f3 b5 7. a3 g6 8. Be3 Bg7 9. Qd2 Qc7 10. Bh6 Bxh6 11. Qxh6 Bb7 12. O-O-O Qc5 13. Nb3 Qb6 14. Qd2 Nbd7 15. Kb1 Rc8 16. Ne2 Ne5 17. Na5 Ba8 18. Nf4 Rc7 19. Be2 h5 20. h4 O-O 21. Nh3 Kg7 22. Rhf1 Rfc8 23. Rc1 d5 24. Qf4 Nc4 25. Nxc4 bxc4 26. e5 Nh7 27. c3 Rb8 28. Rc2 Rc5 29. Rf2 Ra5 30. Kc1 Bc6 31. Bd1 Ba4 32. Rcd2 Bd7 33. Qd4 Rxa3 34. e6+ Qxd4 35. Rxd4 Ra1+ 36. Kd2 Bxe6 37. Ke3 Bxh3 38. gxh3 Nf6 39. Rdd2 e5 40. Rg2 Rd8 41. Bc2 Rh1 42. Rg5 e4 43. fxe4 Rxh3+ 44. Kf2 Rh2+ 45. Rg2 Ng4+ 46. Kg3 Rxg2+ 47. Kxg2 Rb8 48. exd5 Rxb2 49. Kf3 a5 50. d6 a4 51. Ke2 Nf6 52. Bxa4 Rxd2+ 53. Kxd2 Ne4+ 54. Ke3 Nxd6 55. Kd4 Kf6 56. Kd5 Ke7 57. Bd1 Nf5 58. Be2 f6 59. Kxc4 Kd6 60. Kb5 Nxh4 61. c4 Nf5 62. Kb6 Nd4 63. c5+ Ke5 64. c6 Nxc6 65. Kxc6 h4 66. Kc5 h3 67. Bg4 h2 68. Bf3 Kf4 69. Ba8 Ke3 70. Kd6 f5 71. Ke5 f4 0-1

[Event "2nd Serbian League-Vojvodina 2023"]
[Site "Novi Sad"]
[Date "2023.11.06"]
[Round "7.5"]
[White "Bojkovic, Slobodan"]
[Black "Bokan, Danko"]
[Result "1/2-1/2"]
[ECO "C96"]
[WhiteElo "2031"]
[BlackElo "2135"]
[Annotator "RC"]
[PlyCount "20"]
[EventDate "2023.10.22"]
[EventType "team-tourn"]
[EventCountry "SRB"]
[SourceTitle "playchess.com"]
[Source "ChessBase"]
[SourceQuality "1"]
[TimeControl "40/5400+30:1800+30"]

1. e4 e5 2. Nf3 Nc6 3. Bb5 a6 4. Ba4 Nf6 5. O-O Be7 6. Re1 b5 7. Bb3 d6 8. c3 O-O 9. h3 Na5 10. Bc2 c5 1/2-1/2

[Event "2nd Serbian League-Vojvodina 2023"]
[Site "Novi Sad"]
[Date "2023.11.06"]
[Round "7.6"]
[White "Leskovac, Nikola"]
[Black "Skoko, Milan"]
[Result "1/2-1/2"]
[ECO "B31"]
[WhiteElo "1927"]
[BlackElo "2108"]
[Annotator "RC"]
[PlyCount "137"]
[EventDate "2023.10.22"]
[EventType "team-tourn"]
[EventCountry "SRB"]
[SourceTitle "playchess.com"]
[Source "ChessBase"]
[SourceQuality "1"]
[TimeControl "40/5400+30:1800+30"]

1. e4 c5 2. Nf3 Nc6 3. Bb5 g6 4. Bxc6 dxc6 5. h3 Bg7 6. O-O e5 7. d3 b6 8. Be3 f6 9. a4 a5 10. Nc3 Nh6 11. Nd2 Nf7 12. f4 O-O 13. Qe2 Bh6 14. Rf2 Ra7 15. Raf1 exf4 16. Bxf4 Bxf4 17. Rxf4 Ne5 18. Nf3 Nxf3+ 19. Qxf3 Qd4+ 20. Kh1 Raf7 21. e5 Qxe5 22. Qxc6 g5 23. Re4 Qg3 24. Rf3 Qc7 25. Qxc7 Rxc7 26. Nd5 Rcf7 27. Ne7+ Kg7 28. Nxc8 Rxc8 29. Re6 Rb8 30. Rf5 Rbb7 31. Kg1 Kg6 32. g4 h5 33. Kf2 hxg4 34. hxg4 b5 35. axb5 Rxb5 36. b3 Rb4 37. Kf3 a4 38. bxa4 Rxa4 39. Rxc5 Rf4+ 40. Ke3 Rh7 41. Rcc6 Rh3+ 42. Kd2 Rg3 43. c4 Rgxg4 44. Rcd6 Rg2+ 45. Kc3 Rg1 46. d4 g4 47. Re3 Rf3 48. Kd3 Rd1+ 49. Ke4 Rdf1 50. Rxf3 Rxf3 51. Rd8 f5+ 52. Kd5 Kg5 53. Rg8+ Kf4 54. c5 g3 55. Kd6 Rc3 56. d5 Kf3 57. c6 f4 58. c7 g2 59. Kd7 Kf2 60. c8=Q Rxc8 61. Kxc8 g1=Q 62. Rxg1 Kxg1 63. d6 f3 64. d7 f2 65. d8=Q f1=Q 66. Qg5+ Qg2 67. Qe3+ Qf2 68. Qe8 Qf8 69. Qxf8 1/2-1/2

[Event "2nd Serbian League-Vojvodina 2023"]
[Site "Novi Sad"]
[Date "2023.11.06"]
[Round "7.7"]
[White "Nevednichy, Vladislav"]
[Black "Somborski, Nebojsa"]
[Result "1-0"]
[ECO "C55"]
[WhiteElo "2447"]
[BlackElo "2266"]
[Annotator "RC"]
[PlyCount "101"]
[EventDate "2023.10.22"]
[EventType "team-tourn"]
[EventCountry "SRB"]
[SourceTitle "playchess.com"]
[Source "ChessBase"]
[SourceQuality "1"]
[TimeControl "40/5400+30:1800+30"]

1. e4 e5 2. Nf3 Nc6 3. Bc4 Nf6 4. d3 Be7 5. O-O O-O 6. Re1 d6 7. a4 Na5 8. Ba2 c5 9. c3 Nc6 10. Na3 a6 11. h3 h6 12. Bd2 Re8 13. Nc4 Be6 14. Ne3 Bxa2 15. Rxa2 d5 16. exd5 Nxd5 17. Nc4 Bf6 18. a5 Re6 19. Ra1 Qe7 20. g3 Rd8 21. Qc2 Qd7 22. Rad1 Ree8 23. Kg2 Qc7 24. Qa4 Re6 25. Bc1 Rde8 26. Re2 Bd8 27. Qb3 Qd7 28. Rde1 Bc7 29. Qa3 Nf6 30. Rd2 Qd5 31. Ne3 Qd7 32. Nc4 Qd5 33. Ne3 Qd7 34. Qxc5 Nxa5 35. Qa3 Nc6 36. Qb3 b5 37. Qd1 Bb6 38. Nh4 Nh7 39. Qg4 Bxe3 40. Rxe3 Qd5+ 41. Qf3 Rd8 42. Qxd5 Rxd5 43. b4 Nf6 44. Ra2 Nb8 45. Nf3 Nfd7 46. d4 exd4 47. Nxd4 Rxe3 48. Bxe3 h5 49. Bf4 g5 50. Bc7 f6 51. Kf3 1-0

[Event "2nd Serbian League-Vojvodina 2023"]
[Site "Novi Sad"]
[Date "2023.11.06"]
[Round "7.8"]
[White "Jakovljev, Zoran"]
[Black "Stoleriu, George"]
[Result "0-1"]
[ECO "B10"]
[WhiteElo "2194"]
[BlackElo "2400"]
[Annotator "RC"]
[PlyCount "114"]
[EventDate "2023.10.22"]
[EventType "team-tourn"]
[EventCountry "SRB"]
[SourceTitle "playchess.com"]
[Source "ChessBase"]
[SourceQuality "1"]
[TimeControl "40/5400+30:1800+30"]

1. e4 c6 2. d3 d5 3. Nd2 e5 4. Ngf3 Bd6 5. g3 Nf6 6. Bg2 O-O 7. O-O Re8 8. a4 a5 9. Re1 d4 10. c3 c5 11. cxd4 cxd4 12. Nc4 Bc7 13. h3 Nc6 14. Rf1 Nd7 15. b3 Nc5 16. Ba3 Nb4 17. Bxb4 axb4 18. Rb1 Qf6 19. Qe2 Bd7 20. Rfc1 b5 21. axb5 Bxb5 22. Qd2 Bxc4 23. Rxc4 Bd6 24. Qc2 Nb7 25. Qd1 Na5 26. Rcc1 Rec8 27. Ra1 Qd8 28. Rcb1 Rc3 29. Nxd4 exd4 30. e5 Bc7 31. Bxa8 Qxa8 32. Qg4 Qd5 33. e6 fxe6 34. Re1 Kf7 35. Re4 Rxd3 36. Rae1 h5 37. Qe2 Re3 38. Qc2 Rxe1+ 39. Rxe1 Bd6 40. Rb1 h4 41. Qd3 Qf5 42. Qxf5+ exf5 43. gxh4 Ke6 44. Kf1 d3 45. Rd1 Nxb3 46. Rxd3 Nc5 47. Rd4 Ne4 48. f3 Nc3 49. Rd2 Be5 50. Rb2 Nd5 51. Rb3 Bc3 52. Ke2 Ke5 53. Kd3 Nf4+ 54. Kc4 Nxh3 55. Rb1 Kf4 56. Rh1 Nf2 57. Rg1 Kxf3 0-1

[Event "2nd Serbian League-Vojvodina 2023"]
[Site "Novi Sad"]
[Date "2023.11.06"]
[Round "7.9"]
[White "Sekulic, Dusan"]
[Black "Popovic, Zoran"]
[Result "0-1"]
[ECO "E66"]
[WhiteElo "2145"]
[BlackElo "2210"]
[Annotator "RC"]
[PlyCount "108"]
[EventDate "2023.10.22"]
[EventType "team-tourn"]
[EventCountry "SRB"]
[SourceTitle "playchess.com"]
[Source "ChessBase"]
[SourceQuality "1"]
[TimeControl "40/5400+30:1800+30"]

1. d4 Nf6 2. Nf3 g6 3. c4 Bg7 4. g3 O-O 5. Bg2 d6 6. Nc3 Nc6 7. O-O a6 8. d5 Na5 9. Qd3 c5 10. Bd2 Rb8 11. Rac1 b5 12. b3 bxc4 13. bxc4 Rb4 14. Ne4 Ra4 15. Nxf6+ Bxf6 16. Rc2 Bf5 17. e4 Bd7 18. Bh6 Re8 19. Nd2 Rb4 20. Be3 Ba4 21. Rcc1 Rb2 22. f4 Qc7 23. e5 Bg7 24. Ne4 Bd7 25. Rf2 Rxf2 26. Bxf2 Bf5 27. Qa3 Rc8 28. exd6 exd6 29. Nxd6 Qxd6 30. Qxa5 Bf8 31. Rc3 h5 32. h4 Re8 33. Rb3 Qf6 34. Bxc5 Qa1+ 35. Kh2 Re2 36. Rb8 Rxg2+ 37. Kxg2 Bh3+ 38. Kf2 Qf1+ 39. Ke3 Qg1+ 40. Kd2 Qg2+ 41. Kc1 Qf1+ 42. Kb2 Qe2+ 43. Ka3 Qd3+ 44. Rb3 Qxc4 45. Rc3 Qxd5 46. Qb4 Be6 47. Ka4 Qxa2+ 48. Qa3 Qb1 49. Bb4 Be7 50. Ka5 Bd8+ 51. Kxa6 Qf1+ 52. Ka7 Qb5 53. Bc5 Bd5 54. Qa6 Qd7+ 0-1

[Event "2nd Serbian League-Vojvodina 2023"]
[Site "Novi Sad"]
[Date "2023.11.06"]
[Round "7.10"]
[White "Telecki, Ivan"]
[Black "Kovacevic, Sinisa"]
[Result "1-0"]
[ECO "C00"]
[WhiteElo "2260"]
[BlackElo "2240"]
[Annotator "RC"]
[PlyCount "51"]
[EventDate "2023.10.22"]
[EventType "team-tourn"]
[EventCountry "SRB"]
[SourceTitle "playchess.com"]
[Source "ChessBase"]
[SourceQuality "1"]
[TimeControl "40/5400+30:1800+30"]

1. e4 e6 2. d3 d5 3. Nd2 c5 4. g3 Nc6 5. Bg2 Nf6 6. Ngf3 Be7 7. O-O O-O 8. b3 b5 9. Bb2 a5 10. e5 Nd7 11. c4 bxc4 12. dxc4 Ba6 13. Re1 Rb8 14. cxd5 exd5 15. e6 fxe6 16. Rxe6 Qc8 17. Ng5 Nb6 18. Qh5 Bxg5 19. Qxg5 Rf7 20. Rae1 Qd7 21. Nf3 Bd3 22. Bh3 Qd8 23. Rxc6 Qd7 24. Rf6 Rc8 25. Rfe6 Rcf8 26. Rf6 1-0

[Event "2nd Serbian League-Vojvodina 2023"]
[Site "Novi Sad"]
[Date "2023.11.06"]
[Round "7.11"]
[White "Parezanin, Darko"]
[Black "Varga, Robert"]
[Result "1-0"]
[ECO "B15"]
[WhiteElo "2192"]
[BlackElo "2043"]
[Annotator "RC"]
[PlyCount "64"]
[EventDate "2023.10.22"]
[EventType "team-tourn"]
[EventCountry "SRB"]
[SourceTitle "playchess.com"]
[Source "ChessBase"]
[SourceQuality "1"]
[TimeControl "40/5400+30:1800+30"]

1. e4 c6 2. Nf3 d5 3. Nc3 dxe4 4. Nxe4 Nf6 5. Nxf6+ exf6 6. d4 Bd6 7. c3 O-O 8. Bd3 Re8+ 9. Be3 c5 10. dxc5 Bxc5 11. Bxh7+ Kxh7 12. Qxd8 Rxd8 13. Bxc5 b6 14. Bd4 Be6 15. b3 Nc6 16. O-O-O Rac8 17. Kb2 Rd7 18. Rd2 Rcd8 19. Rhd1 Bg4 20. Be3 Bxf3 21. gxf3 Rxd2+ 22. Rxd2 Rxd2+ 23. Bxd2 Ne5 24. c4 Nxf3 25. Be3 Ne5 26. Kc3 Nc6 27. b4 Kg6 28. b5 Ne7 29. c5 Kf5 30. Kc4 Ke6 31. cxb6 axb6 32. Bxb6 Kd7 1-0

[Event "2nd Serbian League-Vojvodina 2023"]
[Site "Novi Sad"]
[Date "2023.11.06"]
[Round "7.12"]
[White "Santrac, Bozo"]
[Black "Zolotic, Zoran"]
[Result "0-1"]
[ECO "B06"]
[WhiteElo "1972"]
[BlackElo "2193"]
[Annotator "RC"]
[PlyCount "62"]
[EventDate "2023.10.22"]
[EventType "team-tourn"]
[EventCountry "SRB"]
[SourceTitle "playchess.com"]
[Source "ChessBase"]
[SourceQuality "1"]
[TimeControl "40/5400+30:1800+30"]

1. e4 g6 2. d4 Bg7 3. Bc4 d6 4. Nf3 Nf6 5. Qe2 O-O 6. Bg5 c6 7. Bb3 a5 8. c3 Qc7 9. Nbd2 e5 10. h3 Nbd7 11. O-O Qb6 12. Rab1 Qc7 13. Qe3 a4 14. Bc2 Re8 15. Bh6 Bh8 16. Rfe1 b5 17. b3 exd4 18. cxd4 Nd5 19. Qd3 Nb4 20. Qc3 Nxa2 21. Qb2 Nb4 22. bxa4 Nxc2 23. Qxc2 bxa4 24. Ra1 Nb6 25. Ra3 Bd7 26. Bf4 Bg7 27. Nc4 Nxc4 28. Qxc4 c5 29. Ng5 d5 30. Qc1 Qa5 31. dxc5 Bb2 0-1

[Event "2nd Serbian League-Vojvodina 2023"]
[Site "Novi Sad"]
[Date "2023.11.06"]
[Round "7.13"]
[White "Bokros, Albert"]
[Black "Szalai, Kornel"]
[Result "1-0"]
[ECO "B38"]
[WhiteElo "2447"]
[BlackElo "2383"]
[Annotator "RC"]
[PlyCount "63"]
[EventDate "2023.10.22"]
[EventType "team-tourn"]
[EventCountry "SRB"]
[SourceTitle "playchess.com"]
[Source "ChessBase"]
[SourceQuality "1"]
[TimeControl "40/5400+30:1800+30"]

1. e4 c5 2. Nf3 g6 3. d4 Bg7 4. c4 cxd4 5. Nxd4 Nc6 6. Be3 Nf6 7. Nc3 d6 8. Be2 O-O 9. O-O Bd7 10. Nc2 Qa5 11. Rc1 Rfc8 12. f3 Be6 13. Qd2 Nd7 14. b4 Qd8 15. f4 Nb6 16. Nd5 Bxd5 17. exd5 Nb8 18. Nd4 a5 19. bxa5 N6d7 20. Nb3 Na6 21. Rb1 Nac5 22. Nxc5 Nxc5 23. Rb5 Ne4 24. Qd3 Nc3 25. Rxb7 Qxa5 26. Bg4 Rc7 27. Rxc7 Qxc7 28. f5 Nxa2 29. fxg6 Bf6 30. gxf7+ Kg7 31. Be6 Nb4 32. Qe2 1-0

[Event "2nd Serbian League-Vojvodina 2023"]
[Site "Novi Sad"]
[Date "2023.11.06"]
[Round "7.15"]
[White "Strbac, Mladen"]
[Black "Farkas, Tibor"]
[Result "1/2-1/2"]
[ECO "B53"]
[WhiteElo "2246"]
[BlackElo "2210"]
[Annotator "RC"]
[PlyCount "37"]
[EventDate "2023.10.22"]
[EventType "team-tourn"]
[EventCountry "SRB"]
[SourceTitle "playchess.com"]
[Source "ChessBase"]
[SourceQuality "1"]
[TimeControl "40/5400+30:1800+30"]

1. e4 c5 2. Nf3 d6 3. d4 cxd4 4. Qxd4 Nc6 5. Bb5 Bd7 6. Bxc6 Bxc6 7. Nc3 Nf6 8. Bg5 e6 9. O-O-O Be7 10. Qd3 Qa5 11. h4 h6 12. Bd2 Qa6 13. Qxa6 bxa6 14. Rhe1 Ng4 15. Re2 O-O 16. Nd4 Bb7 17. f3 Ne5 18. Be1 Rac8 19. Kb1 1/2-1/2

[Event "2nd Serbian League-Vojvodina 2023"]
[Site "Novi Sad"]
[Date "2023.11.06"]
[Round "7.16"]
[White "Juhasz, Bence R"]
[Black "Milanovic, Marko"]
[Result "0-1"]
[ECO "C45"]
[WhiteElo "2210"]
[BlackElo "2248"]
[Annotator "RC"]
[PlyCount "46"]
[EventDate "2023.10.22"]
[EventType "team-tourn"]
[EventCountry "SRB"]
[SourceTitle "playchess.com"]
[Source "ChessBase"]
[SourceQuality "1"]
[TimeControl "40/5400+30:1800+30"]

1. e4 e5 2. Nf3 Nc6 3. d4 exd4 4. Nxd4 Nf6 5. Nxc6 bxc6 6. e5 Qe7 7. Qe2 Nd5 8. h4 Qe6 9. Nd2 g6 10. c4 Nb6 11. b3 Bg7 12. Bb2 O-O 13. Nf3 Re8 14. h5 d5 15. hxg6 hxg6 16. cxd5 cxd5 17. g3 Qf5 18. Rh4 g5 19. Rh5 f6 20. Qe3 Qc2 21. Bc3 Bg4 22. Nd4 Qg6 23. Rh1 Rxe5 0-1

[Event "2nd Serbian League-Vojvodina 2023"]
[Site "Novi Sad"]
[Date "2023.11.06"]
[Round "7.17"]
[White "Levnajic, Pavle"]
[Black "Kecskemeti, Arpad"]
[Result "1/2-1/2"]
[ECO "B07"]
[WhiteElo "2160"]
[BlackElo "2185"]
[Annotator "RC"]
[PlyCount "77"]
[EventDate "2023.10.22"]
[EventType "team-tourn"]
[EventCountry "SRB"]
[SourceTitle "playchess.com"]
[Source "ChessBase"]
[SourceQuality "1"]
[TimeControl "40/5400+30:1800+30"]

1. d4 Nf6 2. Nf3 g6 3. Nbd2 Bg7 4. e4 d6 5. Bc4 O-O 6. Qe2 Nc6 7. c3 e5 8. d5 Ne7 9. Bb3 Nd7 10. c4 f5 11. Bc2 a5 12. b3 Nc5 13. Bb2 Bh6 14. h3 f4 15. O-O-O a4 16. b4 a3 17. Bc3 Na4 18. Bxa4 Rxa4 19. Nb3 Bd7 20. Kb1 Bg7 21. Rc1 c6 22. Rc2 cxd5 23. cxd5 Qb6 24. Rhc1 Bb5 25. Qd1 Qa6 26. Rd2 Rc8 27. Ng5 Bh6 28. Qg4 Bxg5 29. Qxg5 Kf7 30. f3 Bd3+ 31. Ka1 h5 32. Qh4 Qb5 33. Qe1 Raa8 34. Qd1 Bc4 35. Na5 g5 36. Rdc2 Bd3 37. Rd2 Bc4 38. Rdc2 Bd3 39. Rd2 1/2-1/2

[Event "2nd Serbian League-Vojvodina 2023"]
[Site "Novi Sad"]
[Date "2023.11.06"]
[Round "7.18"]
[White "Solymosi, Andras"]
[Black "Milanovic, Stanko"]
[Result "1-0"]
[ECO "A05"]
[WhiteElo "2130"]
[BlackElo "2115"]
[Annotator "RC"]
[PlyCount "68"]
[EventDate "2023.10.22"]
[EventType "team-tourn"]
[EventCountry "SRB"]
[SourceTitle "playchess.com"]
[Source "ChessBase"]
[SourceQuality "1"]
[TimeControl "40/5400+30:1800+30"]

1. Nf3 Nf6 2. g3 b6 3. Bg2 Bb7 4. O-O d6 5. d4 c5 6. c3 e6 7. a4 Nc6 8. Nbd2 Be7 9. Re1 O-O 10. e4 cxd4 11. Nxd4 Nxd4 12. cxd4 Qc7 13. Ra3 Rac8 14. Rc3 Qb8 15. g4 Nd7 16. Nf1 Rxc3 17. bxc3 Qc7 18. Bd2 Bh4 19. g5 f6 20. Qg4 fxg5 21. Qxe6+ Kh8 22. Ng3 Nf6 23. e5 dxe5 24. Qxe5 Qd7 25. Qe7 Qxe7 26. Rxe7 Bc8 27. Rxa7 Bd7 28. a5 bxa5 29. Rxa5 h6 30. Ra8 Ne8 31. h3 g6 32. c4 Kg7 33. Ra7 Rf7 34. Bd5 Be6 1-0

[Event "2nd Serbian League-Vojvodina 2023"]
[Site "Novi Sad"]
[Date "2023.11.06"]
[Round "7.19"]
[White "Balla, Tamas-Kristof"]
[Black "Agdelen, Huseyin Can"]
[Result "0-1"]
[ECO "E11"]
[WhiteElo "2308"]
[BlackElo "2401"]
[Annotator "RC"]
[PlyCount "102"]
[EventDate "2023.10.22"]
[EventType "team-tourn"]
[EventCountry "SRB"]
[SourceTitle "playchess.com"]
[Source "ChessBase"]
[SourceQuality "1"]
[TimeControl "40/5400+30:1800+30"]

1. d4 Nf6 2. c4 e6 3. Nf3 d5 4. g3 Bb4+ 5. Bd2 Be7 6. Bg2 c6 7. Qc2 O-O 8. O-O a5 9. Bf4 Nh5 10. Bd2 b6 11. b3 Nd7 12. e4 Nhf6 13. Nc3 Ba6 14. Rfe1 dxc4 15. bxc4 e5 16. Na4 b5 17. Nb2 Rc8 18. Rad1 Qc7 19. dxe5 Ng4 20. Bf4 Ndxe5 21. cxb5 Bxb5 22. Nd4 Bb4 23. Nxb5 cxb5 24. Qxc7 Rxc7 25. Re2 Re7 26. Rd5 Ng6 27. Rxb5 Nxf4 28. gxf4 Rd8 29. Bf3 Nf6 30. e5 Ne8 31. Nc4 Nc7 32. Rb7 Ne6 33. Rxe7 Rd1+ 34. Kg2 Nxf4+ 35. Kg3 Nxe2+ 36. Bxe2 Rg1+ 37. Kf3 Bxe7 38. Nxa5 Rc1 39. Bd3 Rc3 40. Ke4 Bc5 41. f4 Bg1 42. h4 Ra3 43. Nb7 Ra4+ 44. Kf3 Bh2 45. Nd6 Rxf4+ 46. Kg2 Rxh4 47. Nf5 Rh5 48. a4 Bxe5 49. a5 Rh2+ 50. Kf3 Ra2 51. a6 Kf8 0-1

[Event "2nd Serbian League-Vojvodina 2023"]
[Site "Novi Sad"]
[Date "2023.11.06"]
[Round "7.20"]
[White "Lalic, Bogdan"]
[Black "Kopasz, Robert"]
[Result "1/2-1/2"]
[ECO "E69"]
[WhiteElo "2345"]
[BlackElo "2241"]
[Annotator "RC"]
[PlyCount "24"]
[EventDate "2023.10.22"]
[EventType "team-tourn"]
[EventCountry "SRB"]
[SourceTitle "playchess.com"]
[Source "ChessBase"]
[SourceQuality "1"]
[TimeControl "40/5400+30:1800+30"]

1. d4 Nf6 2. c4 g6 3. Nc3 Bg7 4. Nf3 d6 5. g3 O-O 6. Bg2 Nbd7 7. O-O e5 8. e4 c6 9. h3 Re8 10. Re1 a6 11. d5 cxd5 12. cxd5 b5 1/2-1/2

[Event "2nd Serbian League-Vojvodina 2023"]
[Site "Novi Sad"]
[Date "2023.11.06"]
[Round "7.21"]
[White "Nagy, Attila N"]
[Black "Grujic, Zoran"]
[Result "1/2-1/2"]
[ECO "D43"]
[WhiteElo "2164"]
[BlackElo "2315"]
[Annotator "RC"]
[PlyCount "59"]
[EventDate "2023.10.22"]
[EventType "team-tourn"]
[EventCountry "SRB"]
[SourceTitle "playchess.com"]
[Source "ChessBase"]
[SourceQuality "1"]
[TimeControl "40/5400+30:1800+30"]

1. Nf3 Nf6 2. c4 c6 3. d4 d5 4. Nc3 e6 5. Bg5 h6 6. Bxf6 Qxf6 7. e3 Nd7 8. Rc1 g6 9. Be2 Bg7 10. O-O O-O 11. Qd2 Qe7 12. Rfd1 Rd8 13. b3 b6 14. Bd3 Bb7 15. Qe2 Rab8 16. e4 dxe4 17. Bxe4 Re8 18. Bb1 Rbd8 19. Re1 Qb4 20. Qe3 c5 21. dxc5 Qxc5 22. Be4 Bxe4 23. Nxe4 Qa3 24. Rc2 Nc5 25. Nxc5 bxc5 26. h3 Rd6 27. Ne5 Red8 28. Qf4 Bxe5 29. Qxe5 Qb4 30. Re3 1/2-1/2

[Event "2nd Serbian League-Vojvodina 2023"]
[Site "Novi Sad"]
[Date "2023.11.06"]
[Round "7.22"]
[White "Dragojlovic, Andjelko"]
[Black "Gusev, Mikhail"]
[Result "1-0"]
[ECO "C00"]
[WhiteElo "2108"]
[BlackElo "2012"]
[Annotator "RC"]
[PlyCount "88"]
[EventDate "2023.10.22"]
[EventType "team-tourn"]
[EventCountry "SRB"]
[SourceTitle "playchess.com"]
[Source "ChessBase"]
[SourceQuality "1"]
[TimeControl "40/5400+30:1800+30"]

1. e4 e6 2. d3 d5 3. Nd2 c5 4. g3 Nc6 5. Bg2 Nf6 6. Nh3 Be7 7. O-O O-O 8. f4 b6 9. e5 Ne8 10. Nf2 f6 11. exf6 Bxf6 12. Ng4 Bd4+ 13. Kh1 h5 14. c3 hxg4 15. cxd4 Nxd4 16. Nb3 Nxb3 17. axb3 Nf6 18. d4 Bb7 19. Be3 Qe7 20. Re1 Rfc8 21. Bg1 Qd7 22. Re5 Kf7 23. Qe2 Rc6 24. Re1 Re8 25. dxc5 bxc5 26. b4 cxb4 27. Bd4 Rc4 28. Qd3 Rh8 29. Rg5 Rh6 30. Qe3 a5 31. Rf1 Ba6 32. Re1 Rg6 33. Qe5 Rh6 34. Qe3 a4 35. Bxf6 gxf6 36. f5 e5 37. Rxg4 Rxh2+ 38. Kxh2 Rxg4 39. Qf3 Rd4 40. Qh5+ Kg8 41. Qg6+ Qg7 42. Qe8+ Kh7 43. Bf3 Rd3 44. Rh1 Qh6+ 1-0

[Event "2nd Serbian League-Vojvodina 2023"]
[Site "Novi Sad"]
[Date "2023.11.06"]
[Round "7.23"]
[White "Levitan, Judah Nathan"]
[Black "Ilincic, Aleksa"]
[Result "0-1"]
[ECO "B13"]
[WhiteElo "1937"]
[BlackElo "2235"]
[Annotator "RC"]
[PlyCount "120"]
[EventDate "2023.10.22"]
[EventType "team-tourn"]
[EventCountry "SRB"]
[SourceTitle "playchess.com"]
[Source "ChessBase"]
[SourceQuality "1"]
[TimeControl "40/5400+30:1800+30"]

1. e4 c6 2. d4 d5 3. exd5 cxd5 4. Bd3 Nf6 5. c3 Bg4 6. Qb3 Qc7 7. Ne2 Nc6 8. Bf4 Qd7 9. Nd2 e6 10. Ng3 Nh5 11. Nxh5 Bxh5 12. O-O Bd6 13. Bxd6 Qxd6 14. Rae1 Bg6 15. Qc2 b5 16. Nf3 O-O 17. Bxg6 hxg6 18. Qd3 b4 19. Qe3 Ne7 20. g4 bxc3 21. bxc3 Rfc8 22. Ng5 Rc7 23. f4 Qa3 24. Qh3 Qxc3 25. Qh7+ Kf8 26. Qh8+ Ng8 27. Nh7+ Ke7 28. Qxg7 Rc4 29. Rxe6+ Kxe6 30. Qe5+ Kd7 31. Qxd5+ Ke7 32. Qxa8 Qxd4+ 33. Kh1 Qe4+ 34. Qxe4+ Rxe4 35. Ng5 Ra4 36. Re1+ Kf8 37. Rb1 Rxf4 38. Rb8+ Kg7 39. h3 Ra4 40. Rb7 Nh6 41. Ne6+ Kf6 42. g5+ Kxe6 43. gxh6 Ra3 44. Kg2 Rxa2+ 45. Kg3 Ra3+ 46. Kg4 f5+ 47. Kg5 Rg3+ 48. Kh4 f4 49. Rg7 Kf6 50. Rxa7 g5+ 51. Kh5 Rxh3+ 52. Kg4 Rh4+ 53. Kf3 Rxh6 54. Ra6+ Kg7 55. Ra5 Kg6 56. Ra8 Rh3+ 57. Kf2 Rb3 58. Rh8 Kf5 59. Rh1 Rb2+ 60. Ke1 Rb3 0-1

[Event "2nd Serbian League-Vojvodina 2023"]
[Site "Novi Sad"]
[Date "2023.11.06"]
[Round "7.24"]
[White "Stikovic, Dobrica"]
[Black "Vranic, Ljubomir"]
[Result "1-0"]
[ECO "A53"]
[WhiteElo "2162"]
[BlackElo "2090"]
[Annotator "RC"]
[PlyCount "68"]
[EventDate "2023.10.22"]
[EventType "team-tourn"]
[EventCountry "SRB"]
[SourceTitle "playchess.com"]
[Source "ChessBase"]
[SourceQuality "1"]
[TimeControl "40/5400+30:1800+30"]

1. Nf3 Nf6 2. c4 d6 3. Nc3 Bg4 4. d4 Nbd7 5. e4 e5 6. Be2 c6 7. O-O Be7 8. d5 Bxf3 9. Bxf3 c5 10. Be3 O-O 11. g3 Ne8 12. Bg2 Nc7 13. Bh3 Re8 14. a4 Nf8 15. Qe2 Bg5 16. Kh1 Bxe3 17. Qxe3 Qe7 18. Rae1 Rab8 19. Qd2 a6 20. Ra1 Ra8 21. a5 Reb8 22. Na4 b5 23. axb6 Ne8 24. b4 Nf6 25. f3 N8d7 26. bxc5 Nxc5 27. Nxc5 dxc5 28. Rfb1 Qd6 29. Qa5 g6 30. Rb3 Kg7 31. b7 Ra7 32. Bc8 Ne8 33. Rb6 Qc7 34. Rc6 Qd8 1-0

[Event "2nd Serbian League-Vojvodina 2023"]
[Site "Novi Sad"]
[Date "2023.11.07"]
[Round "8.1"]
[White "Farkas, Sandor I"]
[Black "Balla, Tamas-Kristof"]
[Result "0-1"]
[ECO "A46"]
[WhiteElo "2112"]
[BlackElo "2308"]
[Annotator "RC"]
[PlyCount "76"]
[EventDate "2023.10.22"]
[EventType "team-tourn"]
[EventCountry "SRB"]
[SourceTitle "playchess.com"]
[Source "ChessBase"]
[SourceQuality "1"]
[TimeControl "40/5400+30:1800+30"]

1. d4 Nf6 2. Nf3 e6 3. Bf4 Be7 4. e3 Nh5 5. Bd3 d6 6. g4 Nxf4 7. exf4 c5 8. Nc3 cxd4 9. Nxd4 Nc6 10. Nb3 a6 11. Qd2 b5 12. h4 Bb7 13. Rh3 Qb6 14. h5 O-O-O 15. O-O-O d5 16. Bf1 Bb4 17. a3 Bd6 18. Kb1 Kb8 19. f5 Ne5 20. fxe6 fxe6 21. Nd4 Rhe8 22. g5 Nc4 23. Bxc4 dxc4 24. Qe1 Bc5 25. Nf3 Bxf2 26. Rxd8+ Rxd8 27. Qe5+ Qc7 28. Qe2 Bc5 29. Ne5 Bd4 30. Ng4 Qf4 31. h6 Qxg5 32. hxg7 Qxg7 33. Qh2+ Ka8 34. Rxh7 Qxg4 35. Qc7 Rb8 36. a4 Bxc3 37. bxc3 bxa4 38. Qa5 Qd1+ 0-1